 Dungeon Crawl Stone Soup version 0.31-a0-846-gb3bcc0d938 (webtiles) character file.

Game seed: 14099963275944803256

7 Danienth the Sneak (level 2, 0/22 HPs)
             Began as a Ghoul Enchanter on Oct 3, 2023.
             Was a Follower of Qazlal.
             Slain by a jackal (1 damage)
             ... on level 1 of the Dungeon.
             The game lasted 00:01:07 (186 turns).

Danienth the Sneak (Ghoul Enchanter)                 Turns: 186, Time: 00:01:08

Health: 0/22       AC:  2    Str: 11    XL:     2   Next: 0%
Magic:  3/3        EV: 12    Int: 10    God:    Qazlal [*.....]
Gold:   17         SH:  1    Dex:  9    Spells: 4/4 levels left

rFire   . . .        a - +1 dagger
rCold   + . .        (no shield)
rNeg    + + +        b - +0 robe
rPois   ∞            (no helmet)
rElec   .            (no cloak)
rCorr   .            (no gloves)
SInv    .            (no boots)
Will    .....        (no amulet)
Stlth   ++           (no ring)
HPRegen 0.00/turn    (no ring)
MPRegen 0.08/turn

%: no passive effects
@: inhibited regen
A: claws 1, cold resistance 1, negative energy resistance 3, inhibited
regeneration, torment resistance 2, devour on kill
a: Renounce Religion


You were on level 1 of the Dungeon.
You worshipped Qazlal.
Qazlal was aware of your devotion.
You visited 1 branch of the dungeon, and saw 1 of its levels.

You collected 17 gold pieces.

Inventory:

Hand Weapons
 a - a +1 dagger (weapon)
Armour
 b - a +0 robe (worn)
Potions
 c - 2 potions of invisibility


   Skills:
 + Level 0.3 Fighting
 * Level 1.3 Short Blades
 * Level 2.0 Dodging
 - Level 3.3 Stealth
 - Level 1.7 Spellcasting
 - Level 2.4 Hexes


You had 4 spell levels left.
You didn't know any spells.
Your spell library contained the following spells:

 Spells                   Type           Power      Damage    Failure   Level
 Ensorcelled Hibernation  Hex/Ice        6%         N/A       30%         2
 Confusing Touch          Hex            5%         N/A       34%         3
 Tukima's Dance           Hex            5%         N/A       34%         3
 Dazzling Flash           Conj/Hex       6%         N/A       52%         3


Dungeon Overview and Level Annotations

Branches:
Dungeon (1/15)

Altars:
Qazlal


Innate Abilities, Weirdness & Mutations

You are immune to poison.
You have sharp fingernails.
Your flesh is cold resistant. (rC+)
You are immune to negative energy. (rN+++)
You do not regenerate when monsters are visible.
You are immune to unholy pain and torment.
You thrive by killing the living.


Message History

The jackal bites you.
* * * LOW HITPOINT WARNING * * *
Hit: a) +1 dagger
Press: ? - help, Dir - move target, f/p - jackal
Aim: a jackal (about 47% to evade your +1 dagger)
You hit the jackal.
The jackal is heavily wounded.
The jackal bites you but does no damage.
Hit: a) +1 dagger
Press: ? - help, Dir - move target, f/p - jackal
Aim: a jackal (heavily wounded, about 47% to evade your +1 dagger)
You hit the jackal.
You kill the jackal!
Qazlal accepts your kill.
You feel better.
Your Dodging skill increases to level 2!
You have reached level 2!
Hit: a) +1 dagger
Press: ? - help, Dir - move target, f - jackal
Aim: a jackal (moderately wounded, about 47% to evade your +1 dagger)
You closely miss the jackal.
The jackal is moderately wounded.
The jackal bites you.
* * * LOW HITPOINT WARNING * * *
The jackal bites you.
* * * LOW HITPOINT WARNING * * *
Hit: a) +1 dagger
Press: ? - help, Dir - move target, f/p - jackal
Aim: a jackal (moderately wounded, about 47% to evade your +1 dagger)
You hit the jackal but do no damage.
The jackal is moderately wounded.
The jackal bites you.
* * * LOW HITPOINT WARNING * * *
Hit: a) +1 dagger
Press: ? - help, Dir - move target, f/p - jackal
Aim: a jackal (moderately wounded, about 47% to evade your +1 dagger)
You hit the jackal but do no damage.
The jackal is moderately wounded.
The jackal bites you.
You die...

.............#
.#..#######..#.#####
......# #..#.....#
.(..#.# #..#....$#
#P###.# #..#.....#
(...#.#####..#.....
#P#P#........# ...
)P..#.#####.## #h#
#.###.# #.# #@#
....#.# #.# #.#
#.###.# #.# #.####
.P..#.#####.# #....#
#P#.#.....#.#######.#
....#..##.)..#≈≈~≈#.#
#.###(###.#.##≈~≈~#.#
....#.# #.#..'~≈~≈'.#
......# #.####≈~≈~#.#


You could see a jackal.

Vanquished Creatures
  A goblin (D:1)
  A hobgoblin (D:1)
  2 jackals (D:1)
  2 kobolds (D:1)
6 creatures vanquished.

Notes
Turn   | Place    | Note
-------+----------+-------------------------------------------
     0 | D:1      | Danienth the Ghoul Enchanter began the quest for the Orb.
     0 | D:1      | Reached XP level 1. HP: 14/14 MP: 2/2
    30 | D:1      | Found a faded altar of an unknown god.
    33 | D:1      | Prayed at the altar of an unknown god.
    33 | D:1      | Became a worshipper of Qazlal Stormbringer
    33 | D:1      | Reached * piety under Qazlal
    40 | D:1      | Reached skill level 1 in Short Blades
   184 | D:1      | Reached XP level 2. HP: 6/22 MP: 3/3
   185 | D:1      | HP: 1/22 [jackal (1)]
   186 | D:1      | Slain by a jackal

Illustrated notes

Levels and vault maps discovered:
D:1:      shiori_arrival_maze, layout_loops_ring,
          shapermc_ecumenical_altar_mp_urbaneastern, serial_shops,
          nicolae_shop_behind_doors, serial_rivers,
          chequers_serial_rivers_room_b, chequers_serial_rivers_micro_e,
          chequers_serial_rivers_marsh, chequers_serial_rivers_micro_d,
          chequers_serial_rivers_micro_d, minmay_gold_behind_fungi

Skill      XL: |  1 |
---------------+----+-----
Short Blades   | 1 |  1.3
Dodging        | 2 |  2.0
Fighting       | |  0.3
Stealth        | |  3.3
Spellcasting   | |  1.7
Hexes          | |  2.4

Action                     || total
---------------------------++-------
  Melee: Dagger            ||    46
 Armour: Robe              ||    31
  Dodge: Dodged            ||    21
  Block: Other             ||     3

Table legend: (Time is in decaauts)
 A = Elapsed time spent in this place.
 B = Non-inter-level travel time spent in this place.
 C = Inter-level travel time spent in this place.
 D = Time resting spent in this place.
 E = Time spent auto-exploring this place.
 F = Levels seen in this place.
 G = Mean time per level.
                   A        B        C        D        E       F      G
               +--------+--------+--------+--------+--------+-----+--------+
         Total |    186 |    184 |      2 |      0 |    118 |   1 |  186.0 |
       Dungeon |    186 |    184 |      2 |      0 |    118 |   1 |  186.0 |
               +--------+--------+--------+--------+--------+-----+--------+

Top non-repeatable levels by time:
     D:1: 186 daAuts
